 Dungeon Crawl Stone Soup version 0.31-a0-175-g9f7f995f2b (webtiles) character file.

Game seed: 12082995335410589321

41 mopl the Insei (level 3, -1/27 HPs)
             Began as a Djinni Transmuter on June 17, 2023.
             Frozen to death by an endoplasm (4 damage)
             ... on level 2 of the Dungeon.
             The game lasted 00:01:26 (990 turns).

mopl the Insei (Djinni Transmuter)                   Turns: 990, Time: 00:01:27

Health: -1/27      AC:  2    Str: 11    XL:     3   Next: 75%
Gold:   70         EV: 19    Int: 14    God:
                   SH:  0    Dex: 18

rFire   . . .        f - melded +2 dagger (venom)
rCold   . . .        (shield currently unavailable)
rNeg    + . .        a - melded +0 robe
rPois   ∞            (helmet currently unavailable)
rElec   .            (cloak currently unavailable)
rCorr   .            (gloves currently unavailable)
SInv    .            (boots unavailable)
Will    .....        (no amulet)
Stlth   ++           i - ring of positive energy
HPRegen 0.24/turn    (no ring)
MPRegen 0.00/turn

%: infuse magic (-2 HP)
@: spider-form, flying
A: venomous fangs, flying, sickness immunity, tiny, (fire resistance 2), (cold
vulnerability 1), float, innate caster, HP casting, extra vitality 1
a: End Transformation


You were on level 2 of the Dungeon.
You were a venomous arachnid creature.
You visited 1 branch of the dungeon, and saw 2 of its levels.

You collected 70 gold pieces.

Inventory:

Hand Weapons
 f - a +2 dagger of venom (melded)
Armour
 a - a +0 robe (melded)
Jewellery
 i - a ring of positive energy (left front pincers)
Scrolls
 d - a scroll of identify {unknown}
 e - 3 scrolls of teleportation {unknown}
 j - a scroll of acquirement {unknown}
Potions
 b - a potion of lignification {!q}
 c - a potion of heal wounds {unknown}
 g - a potion of resistance {unknown}
 h - a potion of haste {unknown}


   Skills:
 - Level 1.0 Fighting
 - Level 2.1 Dodging
 * Level 4.1 Unarmed Combat
 + Level 2.5 Spellcasting
 + Level 2.5 Conjurations
 + Level 2.5 Hexes
   Level 0.0 Charms
 + Level 2.5 Summonings
 + Level 2.5 Necromancy
 + Level 2.5 Translocations
 + Level 2.5 Transmutations
 + Level 2.5 Fire Magic
 + Level 2.5 Ice Magic
 + Level 2.5 Air Magic
 + Level 2.5 Earth Magic
 + Level 2.5 Poison Magic


You knew the following spells:

 Your Spells              Type           Power      Damage    Failure   Level
a - Beastly Appendage     Tmut           16%        N/A       21%         1
b - Spider Form           Tmut/Pois      8%         N/A       45%         3
c - Slow                  Hex            32%        N/A       21%         1
d - Ice Form              Ice/Tmut       8%         N/A       80%         4
w - Wereblood             Tmut           8%         N/A       28%         2
Your spell library was empty.

Dungeon Overview and Level Annotations

Branches:
Dungeon (2/15)

Altars:


Innate Abilities, Weirdness & Mutations

You are a venomous arachnid creature.
You have venomous fangs.
You are tiny and dextrous.
You are flying.
Your spellcasting is less reliable in this form.
Your armour is entirely melded.
You are incapable of wielding weapons or throwing items.
You are immune to sickness and miasma.
You are immune to poison.
((Your flesh is very heat resistant. (rF++)))
((You are vulnerable to cold. (rC-)))
You float through the air rather than walking.
You learn spells naturally, not from books.
Your magical power is your life essence.
You have superior vitality. (+4 MHP)


Message History

Your horns disappear.
HP restored.
Casting: Beastly Appendage (safe; 8% risk of failure)
Confirm with . or Enter, or press ? or * to list all spells.
The spell is extremely dangerous to miscast (24% risk of failure)!
Continue anyway?
You turn into a venomous arachnid creature.
Your +2 dagger of venom melds into your body.
Your +0 robe melds into your body.
Your +2 dagger of venom stops dripping with poison.
You fly downwards.
Level annotation: Natasha The endoplasm misses you.
Natasha claws you.
There is a stone staircase leading up here.
Unknown command.
You barely miss Natasha. The endoplasm misses you.
Natasha casts a spell.
You barely miss Natasha. The endoplasm barely misses you.
Natasha claws you but does no damage.
You bite Natasha!
Natasha is poisoned.
Natasha is heavily wounded.
The endoplasm freezes you.
You are frozen.
Natasha mumbles some strange words.
The cerulean imp shouts!
You closely miss Natasha.
Natasha is severely wounded.
You hear a shout!
The cerulean imp closely misses you. The endoplasm freezes you.
You are frozen.
Natasha stares at you and mumbles some strange words.
The magic dart hits you!
* * * LOW HITPOINT WARNING * * *
You hit Natasha.
You kill Natasha!
Natasha screams in fury as she dies!
The cerulean imp disappears in a puff of smoke! x2
The endoplasm freezes you.
You are frozen.
You die...

#. ... #.
.. #.. ..
##.. ##.
#....+§.
#....#†##
#..§.s#
#.#..J#
#...#
...###
#$..
...##
.>## .##


You could see an endoplasm.

Vanquished Creatures
  Natasha (D:2)
  3 endoplasms (D:1)
  A giant cockroach (D:1)
  4 goblins (D:1)
  3 hobgoblins (D:1)
  4 jackals (D:1)
  3 kobolds (D:1)
  4 quokkas (D:1)
  4 ball pythons (D:1)
  3 bats (D:1)
  3 frilled lizards (D:1)
  4 rats (D:1)
37 creatures vanquished.

Notes
Turn   | Place    | Note
-------+----------+-------------------------------------------
     0 | D:1      | mopl the Djinni Transmuter began the quest for the Orb.
     0 | D:1      | mopl set off with the following spells memorised: Beastly
                  | Appendage, Wereblood, Spider Form, Ice Form.
     0 | D:1      | Reached XP level 1. HP: 17/17 MP: 0/0
    78 | D:1      | Reached XP level 2. HP: 3/22 MP: 0/0
   302 | D:1      | Reached XP level 3. HP: 26/27 MP: 0/0
   302 | D:1      | Learned a level 1 spell: Slow
   321 | D:1      | Found a faded altar of an unknown god.
   834 | D:1      | Reached skill level 4 in Unarmed Combat
   940 | D:2      | Noticed Natasha
   990 | D:2      | Killed Natasha
   990 | D:2      | Frozen to death by an endoplasm

Illustrated notes

Levels and vault maps discovered:
D:1:      lemuel_arrival_funnel, layout_loops_ring,
          chequers_ecumenical_altar_simple_redux, minmay_tetromino_t4
D:2:      layout_basic, basic_altar, serial_bayou_lagoon_a, uniq_jessica,
          uniq_natasha, uniq_sigmund

Skill      XL: |  1  2  3 |
---------------+----------+-----
Unarmed Combat | 4 |  4.1
Fighting       | |  1.0
Dodging        | |  2.1
Spellcasting   | |  2.5
Conjurations   | |  2.5
Hexes          | |  2.5
Summonings     | |  2.5
Necromancy     | |  2.5
Translocations | |  2.5
Transmutations | |  2.5
Fire Magic     | |  2.5
Ice Magic      | |  2.5
Air Magic      | |  2.5
Earth Magic    | |  2.5
Poison Magic   | |  2.5

Action                     || total
---------------------------++-------
  Melee: Unarmed           ||    54
         Headbutt          ||     7
         Dagger            ||    48
         Punch             ||     2
   Cast: Beastly Appendage ||    10
         Spider Form       ||     1
   Stab: Sleeping          ||     2
 Armour: Robe              ||    22
         Skin              ||     1
  Dodge: Dodged            ||    71

Table legend: (Time is in decaauts)
 A = Elapsed time spent in this place.
 B = Non-inter-level travel time spent in this place.
 C = Inter-level travel time spent in this place.
 D = Time resting spent in this place.
 E = Time spent auto-exploring this place.
 F = Levels seen in this place.
 G = Mean time per level.
                   A        B        C        D        E       F      G
               +--------+--------+--------+--------+--------+-----+--------+
         Total |    986 |    965 |     21 |    243 |    493 |   2 |  493.0 |
       Dungeon |    986 |    965 |     21 |    243 |    493 |   2 |  493.0 |
               +--------+--------+--------+--------+--------+-----+--------+

Top non-repeatable levels by time:
     D:1: 976 daAuts
     D:2: 9 daAuts
